 Dungeon Crawl Stone Soup version 0.29.1-2-gbd0b4ee654 (webtiles) character file.

Game seed: 14749112256857265

375 Icepheonix32 the Covered (level 6, -8/56 HPs)
             Began as a Minotaur Fighter on Oct 28, 2022.
             Was an Initiate of Dithmenos.
             Mangled by Menkaure (13 damage)
             ... on level 4 of the Dungeon.
             The game lasted 00:03:01 (3089 turns).

Icepheonix32 the Covered (Minotaur Fighter)         Turns: 3089, Time: 00:03:01

Health: -8/56      AC:  8    Str: 20    XL:     6   Next: 44%
Magic:  5/5        EV: 10    Int:  5    God:    Dithmenos [......]
Gold:   160        SH:  5    Dex: 18    Spells: 5/5 levels left

rFire   . . .      SeeInvis .   n - +1 falchion (elec)
rCold   . . .      Faith    .   c - +0 buckler
rNeg    . . .      Spirit   .   b - +0 scale mail
rPois   .          Reflect  .   (helmet restricted)
rElec   .          Harm     .   (no cloak)
rCorr   .          Rampage  .   (no gloves)
Will    .....                   s - +0 pair of boots
Stlth   ..........              (no amulet)
HPRegen 0.18/turn               r - +6 ring of dexterity
MPRegen 0.09/turn               (no ring)

@: mighty
A: horns 2, retaliatory headbutt
a: Renounce Religion


You were on level 4 of the Dungeon.
You worshipped Dithmenos.
Dithmenos was noncommittal.
You visited 1 branch of the dungeon, and saw 4 of its levels.

You collected 160 gold pieces.

Inventory:

Hand Weapons
 a - a +0 war axe
 n - a +1 falchion of electrocution (weapon)
 p - a +1 vorpal flail
 v - a +0 antimagic hand axe
Missiles
 h - 10 boomerangs (quivered)
Armour
 b - a +0 scale mail (worn)
 c - a +0 buckler (worn)
 s - a +0 pair of boots (worn)
 x - a +1 chain mail of cold resistance
Magical Staves
 o - a staff of cold
Jewellery
 r - a +6 ring of dexterity (left hand)
Wands
 w - a wand of iceblast (10)
Scrolls
 e - 2 scrolls of fear {unknown}
 g - 5 scrolls of identify {unknown}
 j - 2 scrolls of enchant armour {unknown}
 l - 3 scrolls of immolation {unknown}
 m - a scroll of magic mapping {unknown}
Potions
 f - a potion of cancellation
 k - 5 potions of curing {unknown}
 q - a potion of berserk rage {unknown}
 t - a potion of heal wounds {unknown}
 u - a potion of mutation {unknown}


   Skills:
 * Level 5.4 Fighting
 + Level 3.4 Long Blades
 - Level 2.6 Axes
 + Level 5.5 Armour
 + Level 1.7 Dodging
 + Level 0.6 Stealth
 + Level 4.4 Shields


You had 5 spell levels left.
You didn't know any spells.
Your spell library contained the following spells:

 Spells                   Type           Power      Damage    Failure   Level
 Freeze                   Ice            0%         1d3       88%         1
 Magic Dart               Conj           0%         1d3       88%         1
 Searing Ray              Conj           0%         2d4       95%         2
 Frozen Ramparts          Ice            0%         1d1       99%         3
 Fulminant Prism          Conj/Hex       0%         3d6       100%        4
 Hailstorm                Conj/Ice       0%         3d3       100%        4


Dungeon Overview and Level Annotations

Branches:
Dungeon (4/15)
 Temple: D:4-7

Altars:
Dithmenos

Shops:
D:2 =

Annotations:
D:4 Menkaure


Innate Abilities, Weirdness & Mutations

You have a pair of horns on your head.
You reflexively headbutt those who attack you in melee.


Message History

You block the ball python's attack. The ball python grabs you.
The ball python constricts you.
You slash the ball python!
You kill the ball python!
Dithmenos accepts your kill.
It was a potion of cancellation.
You feel magically purged.
It was a potion of ambrosia.
You are confused.
You feel invigorated.
Okay, then.
You bump into the rock wall.
Menkaure hits you.
You feel less invigorated.
You feel less confused.
Menkaure calls on the powers of darkness!
Your body is wracked with pain!
Menkaure closely misses you.
Menkaure gestures wildly while chanting.
Menkaure seems to speed up.
You block Menkaure's attack.
You hit Menkaure. Your headbutt misses Menkaure.
Menkaure is lightly damaged.
Menkaure hits you!
Menkaure calls on the powers of darkness!
Your body is wracked with pain!
* * * LOW HITPOINT WARNING * * *
You slash Menkaure!
Menkaure is heavily damaged.
Menkaure casts a spell at you. Pain shoots through your body!
* * * LOW HITPOINT WARNING * * *
You feel very mighty all of a sudden.
Menkaure calls on the powers of darkness!
Your body is wracked with pain!
* * * LOW HITPOINT WARNING * * *
You barely miss Menkaure.
Menkaure is heavily damaged.
Menkaure gestures at you while chanting.
You barely resist. Menkaure hits you!
You die...

#..( #.##........... ?....
#.#...........( .....#
#.....#........ ......#
#.....##....... .>.....
#.....###...... ......†##
#....## #......
......†.#####..).# ##.....
..........##.....## ##....
..........@M......# #####
..................## ####.
...................####....
...................#.......
..............##...))..<...
..............######....<..
............## ##.......
...........# ##........
...........# ##.........


You could see Menkaure (fast).

Vanquished Creatures
  A phantom (D:4)
  A scorpion (D:4)
  2 hounds (D:4)
  An orc priest (D:4)
  Ijyb (D:4)
  Terence (D:3)
  3 gnolls (D:4)
  2 dart slugs
  6 orcs
  5 bats
  6 endoplasms
  3 giant cockroaches
  4 hobgoblins
  4 jackals (D:4)
  9 ball pythons
  4 frilled lizards
  8 goblins
  5 kobolds
  A rat (D:1)
67 creatures vanquished.

Notes
Turn   | Place    | Note
-------+----------+-------------------------------------------
     0 | D:1      | Icepheonix32 the Minotaur Fighter began the quest for the
                  | Orb.
     0 | D:1      | Reached XP level 1. HP: 19/19 MP: 0/0
   218 | D:1      | Reached XP level 2. HP: 27/27 MP: 1/1
   430 | D:1      | Found a faded altar of an unknown god.
  1091 | D:2      | Reached XP level 3. HP: 30/33 MP: 2/2
  1320 | D:2      | Found Xitt's Jewellery Shop.
  1607 | D:3      | Noticed Terence
  1613 | D:3      | Killed Terence
  1769 | D:3      | Found a shadowy altar of Dithmenos.
  1777 | D:3      | Reached XP level 4. HP: 39/41 MP: 3/3
  2288 | D:3      | Reached skill level 1 in Long Blades
  2449 | D:3      | Became a worshipper of Dithmenos the Shadowed
  2475 | D:4      | Noticed a phantom
  2482 | D:4      | Killed a phantom
  2483 | D:4      | Reached XP level 5. HP: 32/47 MP: 4/4
  2599 | D:4      | Reached skill level 1 in Dodging
  2608 | D:4      | Reached skill level 5 in Fighting
  2608 | D:4      | Reached skill level 5 in Armour
  2745 | D:4      | Reached XP level 6. HP: 43/56 MP: 5/5
  2951 | D:4      | Noticed Ijyb
  2961 | D:4      | Killed Ijyb
  3063 | D:4      | Noticed Menkaure
  3089 | D:4      | Mangled by Menkaure

Illustrated notes

Levels and vault maps discovered:
D:1:      scummos_arrival_simple_crosswalls, layout_basic,
          shapermc_ecumenical_altar_gd, minivault_11
D:2:      layout_basic, serial_shops, nicolae_lakefront_shop
D:3:      layout_loops_ring, nicolae_dithmenos_through_a_glass_darkly,
          wad_floor_pattern_untrapped, uniq_terence
D:4:      layout_cave_pods, uniq_ijyb, uniq_menkaure

Skill      XL: |  1  2  3  4  5  6 |
---------------+-------------------+-----
Fighting       | 4 5 |  5.4
Armour         | 4 5 |  5.5
Shields        | 4 |  4.4
Long Blades    | 2 3 |  3.4
Dodging        | 1 |  1.7
Axes           | |  2.6
Stealth        | |  0.6

Action                   |  1- 3 |  4- 6 || total
-------------------------+-------+-------++-------
Melee: War axe           |    27 |       ||    27
       Headbutt          |    15 |    12 ||    27
       Falchion          |    30 |    74 ||   104
  Use: Potion            |       |     3 ||     3
 Stab: Distracted        |       |     1 ||     1
Armor: Scale mail        |    35 |    37 ||    72
Dodge: Dodged            |    38 |    29 ||    67
Block: Buckler           |    16 |    18 ||    34
